Map: Deathaura LE

Players

VicZor

  • Race: Protoss Protoss
  • League: Diamond
  • Spawn Location: 5:00

NotPewPewPew - Winner!

  • Race: Zerg Zerg
  • Spawn Location: 11:00

VOD

Have the link to the VOD?

Description

Time

  • Played on: Sept. 16, 2020, 8:55 p.m.
  • Length: 4:03
Show
View Real Time Build Order
Export as new Build Order

VicZor Protoss 

Build Orders:  

Get SALT Encoding   

  12  0:00  Probe  
  13  0:12  Probe  
  14  0:17  Pylon  
  14  0:24  Probe  
  15  0:38  Gateway, Probe (Chrono Boost)  
  16  0:48  Probe (Chrono Boost)  
  17  0:50  Assimilator  
  17  0:53  Assimilator  
  17  0:55  Probe  
  18  1:07  Probe  
  19  1:12  Gateway  
  19  1:19  Probe (Chrono Boost)  
  20  1:31  Probe (Chrono Boost)  
  21  1:34  Cybernetics Core  
  21  1:39  Probe  
  22  1:53  Pylon  
  22  1:59  Pylon  
  22  2:02  Probe  
  23  2:11  Warp Gate  
  23  2:15  Stargate  
  25  2:23  Zealot (Chrono Boost)  
  27  2:30  Zealot (Chrono Boost)  
  27  2:49  Adept  
  29  2:52  Zealot  
  29  2:53  Void Ray  
  35  3:14  Pylon  
  35  3:22  Zealot x2  
Show
View Real Time Build Order
Export as new Build Order

NotPewPewPew Zerg - Winner!

Build Orders: Hatch First 

Get SALT Encoding   

  12  0:00  Drone  
  13  0:12  Overlord  
  13  0:20  Drone  
  14  0:32  Drone x2  
  16  0:48  Hatchery  
  15  0:53  Drone  
  16  0:59  Drone x2  
  18  1:13  Extractor  
  18  1:16  Spawning Pool  
  16  1:18  Drone  
  16  1:21  Drone  
  18  1:28  Drone  
  19  2:03  Zergling x4, Queen  
  19  2:04  Queen  
  19  2:05  Overlord  
  25  2:13  Zergling x2  
  25  2:15  Metabolic Boost  
  26  2:18  Zergling x4  
  28  2:39  Overlord x2  
  28  2:41  Drone  
  28  2:42  Drone  
  30  2:47  Drone x2  
  32  2:56  Drone  
  33  2:59  Roach Warren  
  33  3:01  Drone  
  33  3:06  Drone  
  33  3:08  Drone  
  35  3:30  Spore Crawler  
  34  3:39  Roach x7  
  34  3:40  Roach  
  50  3:53  Spore Crawler  
Tags
 
League
Diamond
Matchup
PvZ
Spawn Locations
Cross Positions
Add a new tag
Caveats
  • Supply blocks, unpowered buildings, or Contaminate may cause inaccurate times.
  • Supply counts are checked every 10 seconds.